 Dungeon Crawl Stone Soup version 0.22.1-1-ga44c0e5 (webtiles) character file.

214 dvd the Bolt Thrower (level 6, -4/37 HPs)
             Began as a Kobold Hunter on Sept 27, 2018.
             Slain by Purgy (6 damage)
             ... in a sewer.
             The game lasted 00:07:16 (2027 turns).

dvd the Bolt Thrower (Kobold Hunter)                Turns: 2027, Time: 00:07:17

Health: -4/37      AC:  3    Str: 11    XL:     6   Next: 15%
Magic:  6/6        EV: 15    Int: 13    God:
Gold:   177        SH:  0    Dex: 15    Spells: 5/5 levels left

rFire    . . .     SeeInvis .   b - +1 dagger (chaos)
rCold    . . .     Gourm    .   (shield restricted)
rNeg     . . .     Faith    .   c - +0 leather armour
rPois    .         Spirit   .   (no helmet)
rElec    .         Reflect  .   (no cloak)
rCorr    .         Harm     .   (no gloves)
MR       .....                  (no boots)
Stlth    ++........             (no amulet)
HPRegen  0.12/turn              (no ring)
MPRegen  0.10/turn              (no ring)

@: no status effects
A: small, carnivore
a: no special abilities


You were in a sewer.
You were completely stuffed.

You visited 1 branch of the dungeon, and saw 3 of its levels.
You also visited: Sewer.

You collected 177 gold pieces.

Inventory:

Hand Weapons
 a - a +1 hand crossbow
 b - a +1 dagger of chaos (weapon)
 o - a +0 short sword
Armour
 c - a +0 leather armour (worn)
Scrolls
 e - 10 scrolls of identify {unknown}
 g - 2 scrolls of teleportation {unknown}
 h - 2 scrolls of remove curse {unknown}
 i - a scroll of enchant weapon {unknown}
 j - a scroll of fear {unknown}
 m - a scroll of amnesia {unknown}
 q - 2 scrolls of blinking {unknown}
 r - a scroll of fog {unknown}
Potions
 k - 2 potions of agility {unknown}
 l - a potion of brilliance {unknown}
 n - a potion of curing {unknown}
 p - a potion of heal wounds {unknown}
 s - a potion of ambrosia {unknown}
Comestibles
 f - 5 rations
 t - a chunk of flesh


   Skills:
 + Level 3.0 Fighting
 + Level 1.9 Short Blades
 + Level 7.0 Crossbows
 + Level 1.1 Armour
 + Level 2.9 Dodging
 + Level 2.3 Stealth


You had 5 spell levels left.
You didn't know any spells.
Your spell library was empty.

Dungeon Overview and Level Annotations

Branches:
Dungeon (3/15)

Altars:
Xom

Annotations:
Sewer Purgy


Innate Abilities, Weirdness & Mutations

You are small and have problems with some larger weapons.
You are carnivorous and can eat meat at any time.


Message History

You barely miss Purgy.
Purgy is severely wounded.
Purgy bites you. Purgy claws you. x2
* * * LOW HITPOINT WARNING * * *
Purgy completely misses you. Purgy barely misses you. Purgy claws you.
* * * LOW HITPOINT WARNING * * *
Unknown command.
You barely miss Purgy.
Purgy is severely wounded.
Purgy barely misses you. Purgy claws you but does no damage. x2
You hit Purgy. You freeze Purgy.
Purgy is severely wounded.
Purgy misses you. Purgy closely misses you. Purgy completely misses you.
You barely miss Purgy.
Purgy is severely wounded.
Purgy bites you.
* * * LOW HITPOINT WARNING * * *
Purgy claws you but does no damage. Purgy closely misses you.
Purgy bites you but does no damage. Purgy claws you.
You die...

# # # ######## ##
###.≈..≈.### .#
###...≈≈...@T###
.#
###....≈####.≈...#
≈###...≈≈###
###≈≈..(#
≈.......## #.≈.≈((
.###....≈# ...≈##
.# ###.≈...#
.≈##.( .# ###.≈≈≈≈
## % ## ##.≈. #
###


You could see Purgy (berserk).

Vanquished Creatures
  3 crimson imps
  A gnoll (D:1)
  4 adders
  2 worms (D:3)
  2 dart slugs
  A leopard gecko (D:2)
  2 orcs (D:3)
  7 bats
  A giant cockroach (D:1)
  5 goblins
  3 hobgoblins
  9 jackals
  2 ball pythons (D:2)
  5 frilled lizards
  8 kobolds
  7 rats
62 creatures vanquished.

Notes
Turn   | Place    | Note
-------+----------+-------------------------------------------
     0 | D:1      | dvd the Kobold Hunter began the quest for the Orb.
     0 | D:1      | Reached XP level 1. HP: 12/12 MP: 1/1
    44 | D:1      | Reached skill level 5 in Crossbows
    92 | D:1      | Reached XP level 2. HP: 17/17 MP: 2/2
   300 | D:1      | Reached XP level 3. HP: 21/22 MP: 3/3
   846 | D:2      | Reached skill level 1 in Short Blades
   846 | D:2      | Reached skill level 6 in Crossbows
   846 | D:2      | Reached XP level 4. HP: 27/27 MP: 4/4
  1372 | D:3      | Reached XP level 5. HP: 31/31 MP: 5/5
  1424 | D:3      | Found a shimmering altar of Xom.
  1723 | D:2      | Reached skill level 1 in Armour
  1738 | D:3      | Reached XP level 6. HP: 28/37 MP: 6/6
  1754 | D:3      | Found a glowing drain.
  1763 | Sewer    | Entered a sewer
  1850 | Sewer    | Reached skill level 7 in Crossbows
  2009 | Sewer    | Noticed Purgy
  2027 | Sewer    | Slain by Purgy

Skill      XL: |  1  2  3  4  5  6 |
---------------+-------------------+-----
Crossbows      | 5 6 7 |  7.0
Short Blades   | 1 |  1.9
Stealth        | 2 |  2.3
Armour         | 1 |  1.1
Fighting       | 3 |  3.0
Dodging        | |  2.9

Action                   |  1- 3 |  4- 6 || total
-------------------------+-------+-------++-------
Melee: Short sword       |    37 |       ||    37
       Dagger            |       |    69 ||    69
 Fire: Hand crossbow     |    41 |    66 ||   107
 Stab: Sleeping          |     1 |       ||     1
       Petrifying        |       |     1 ||     1
       Petrified         |       |     1 ||     1
  Eat: Chunk             |     8 |     4 ||    12
Armor: Leather armour    |     8 |    25 ||    33
Dodge: Dodged            |    40 |    97 ||   137
